 Dungeon Crawl Stone Soup version 0.28.0-45-g0d030f2227 (webtiles) character file.

Game seed: 18198269949918550458

21 101zpm the Covered (level 2, 0/19 HPs)
             Began as a Gargoyle Fighter on Apr 8, 2022.
             Slain by a gnoll
             ... wielding a +0 flail
              (1 damage)
             ... on level 2 of the Dungeon.
             The game lasted 00:02:23 (863 turns).

101zpm the Covered (Gargoyle Fighter)                Turns: 863, Time: 00:02:23

Health: 0/19       AC:  9    Str: 19    XL:     2   Next: 87%
Magic:  2/2        EV:  9    Int:  8    God:
Gold:   33         SH:  4    Dex:  9    Spells: 1/1 levels left

rFire   . . .      SeeInvis .   a - +0 flail
rCold   . . .      Faith    .   c - +0 buckler
rNeg    + . .      Spirit   .   b - +0 scale mail
rPois   ∞          Reflect  .   (no helmet)
rElec   +          Harm     .   (no cloak)
rCorr   .          Rampage  .   (no gloves)
Will    .....                   (no boots)
Stlth   ..........              (no amulet)
HPRegen 0.06/turn               (no ring)
MPRegen 0.08/turn               (no ring)

@: no status effects
A: sickness immunity, AC +2, negative energy resistance 1, electricity
resistance, torment resistance 1, petrification resistance
a: no special abilities


You were on level 2 of the Dungeon.
You visited 1 branch of the dungeon, and saw 4 of its levels.

You collected 33 gold pieces.

Inventory:

Hand Weapons
 a - a +0 flail (weapon)
Missiles
 e - 6 curare-tipped darts (quivered)
 g - 2 boomerangs
 h - 11 poisoned darts
Armour
 b - a +0 scale mail (worn)
 c - a +0 buckler (worn)
Scrolls
 f - a scroll of identify {unknown}
 i - 2 scrolls of enchant armour {unknown}
Potions
 d - a potion of might
 j - a potion of cancellation {unknown}


   Skills:
 + Level 3.6 Fighting
 + Level 2.2 Maces & Flails
 + Level 3.7 Armour
 + Level 3.5 Shields


You had one spell level left.
You didn't know any spells.
Your spell library contained the following spells:

 Spells                   Type           Power      Damage    Failure   Level
 Animate Skeleton         Necr           0%         N/A       86%         1
 Apportation              Tloc           0%         N/A       86%         1
 Summon Small Mammal      Summ           0%         N/A       86%         1


Dungeon Overview and Level Annotations

Branches:
Dungeon (4/15)
 Temple: D:4-7

Altars:


Innate Abilities, Weirdness & Mutations

You are immune to sickness and miasma.
Your stone body is resilient. (AC +2)
You are immune to poison.
You resist negative energy. (rN+)
You are resistant to electric shocks. (rElec)
You are resistant to unholy torment.
You are immune to petrification.


Message History

There is a stone staircase leading up here.
You block the gnoll's attack.
You climb upwards.
The hobgoblin shouts!
The kobold shouts!
The kobold throws a stone.
The stone barely misses you.
The stone barely misses the gnoll.
Found 12 arrows.
There is a stone staircase leading down here.
The rat bites you but does no damage.
The hobgoblin hits you but does no damage.
A rat comes into view.
The rat moves out of view.
You hit the hobgoblin.
The hobgoblin is almost dead.
The hobgoblin hits you but does no damage.
You block the hobgoblin's attack.
A hobgoblin comes into view.
The hobgoblin shouts!
You hit the hobgoblin.
You kill the hobgoblin!
You closely miss the gnoll. The gnoll hits you but does no damage.
You barely miss the gnoll. The gnoll hits you but does no damage.
You block the kobold's attack. The gnoll hits you with a +0 flail.
You block the rat's attack.
You barely miss the gnoll. The gnoll hits you with a +0 flail.
* * * LOW HITPOINT WARNING * * *
The kobold hits you but does no damage. The rat bites you but does no damage.
You barely miss the gnoll. The kobold hits you with a +0 club.
* * * LOW HITPOINT WARNING * * *
You block the gnoll's attack. The rat closely misses you.
You closely miss the gnoll. The kobold closely misses you.
The gnoll closely misses you. The rat closely misses you.
You closely miss the gnoll. The kobold hits you but does no damage.
The gnoll barely misses you. The rat closely misses you.
You block the gnoll's attack. The kobold completely misses you.
The rat barely misses you.
You hit the gnoll.
The gnoll is lightly wounded.
The kobold hits you but does no damage. The gnoll hits you with a +0 flail.
You die...

.....#### .....#
.. .. . .....# .
... .# .#.###
.#..... ...#.#
#g...# #rK.# #@#
# #####g#.##
#(...r...###
#............
#..>.........
#............
...............
####............
#............


You could see a gnoll, a hobgoblin, a kobold and 2 rats.

Vanquished Creatures
  A gnoll (D:3)
  A worm (D:3)
  A dart slug (D:3)
  2 giant cockroaches (D:3)
  A goblin (D:3)
  A hobgoblin (D:2)
7 creatures vanquished.

Vanquished Creatures (others)
  A bat (D:2)
1 creature vanquished.

Grand Total: 8 creatures vanquished

Notes
Turn   | Place    | Note
-------+----------+-------------------------------------------
     0 | D:1      | 101zpm the Gargoyle Fighter began the quest for the Orb.
     0 | D:1      | Reached XP level 1. HP: 14/14 MP: 1/1
   164 | D:3      | Reached XP level 2. HP: 4/19 MP: 2/2
   827 | D:3      | Noticed a gnoll sergeant
   828 | D:3      | Found the +8 woodcutter's axe {vorpal}
   863 | D:2      | Slain by a gnoll

Illustrated notes

Levels and vault maps discovered:
D:1:      tarquinn_simple_flora_water_c, layout_basic
D:2:      layout_rooms, hellmonk_ecumenical_altar_run_dry, uniq_natasha
D:3:      layout_basic, pf_guarded_unrand_woodcutter
D:4:      layout_loops_ring, gammafunk_ghost_mausoleum, minivault_19,
          minmay_between, uniq_eustachio

Action                   || total
-------------------------++-------
Melee: Flail             ||    38
Armor: Scale mail        ||    27
Dodge: Dodged            ||    24
Block: Buckler           ||    11
